AoeStats
← Araco

Arena

507998339Analyzed
2v2 RM · 12d ago on Sep 20, 2026· 25m 40s· 4 players
Game mode
Random Map
Map size
Medium (4 player)
Population
200
Speed
Normal
Resources
Standard
Victory
Conquest
Starting age
Dark Age
Ending age
Imperial Age
RankedLock teamsTeams togetherTeam positionsShared explorationLock speedFull tech treeHidden civsTurbo modeCheats
Victory
Defeat
🇹🇼 Magyars · Taiwan
1321
+15
🇹🇼 Ethiopians · Taiwan
1280
+17
🇪🇸 Cumans · Spain
1313
-16
🇪🇸 Britons · Spain
1294
-16
ming.3idionts
8:26 Loom
10:44 Feudal Age
11:31 Double-Bit Axe
14:21 Bloodlines
15:38 Scale Barding Armor
18:58 Wheelbarrow
22:49 Castle Age
20:56 Horse Collar
22:30 Gold Mining
23:52 Bow Saw
23:06 Light Cavalry
23:49 Husbandry
24:47 Chain Barding Armor
chun
7:58 Loom
10:33 Feudal Age
11:10 Double-Bit Axe
13:16 Town Watch
17:07 Castle Age
20:21 Crossbowman
22:31 Horse Collar
24:12 Fletching
Araco
7:26 Loom
10:36 Feudal Age
12:10 Double-Bit Axe
16:28 Horse Collar
23:07 Wheelbarrow
Ares (Yi Nation)
7:29 Loom
9:47 Feudal Age
10:42 Double-Bit Axe
13:07 Fletching
14:08 Padded Archer Armor
18:47 Horse Collar
22:03 Castle Age
20:02 Horse Collar
21:38 Gold Mining
22:20 Crossbowman
23:11 Bodkin Arrow
Connection lost

Rejoining the realm…

Still unreachable

The connection could not be restored.

Session expired

The server has moved on; the page needs a fresh start.